 Dungeon Crawl Stone Soup version 0.21.1-1-g345015f (webtiles) character file.

23 stankywizzleteets the Grasshopper (level 3, -4/24 HPs)
             Began as a Halfling Warper on Apr 30, 2018.
             Slain by a worm (10 damage)
             ... on level 2 of the Dungeon.
             The game lasted 00:10:20 (3171 turns).

stankywizzleteets the Grasshopper (Halfling Warper) Turns: 3171, Time: 00:10:20

Health: -4/24      AC:  7    Str: 15    XL:     3   Next: 12%
Magic:  0/6        EV: 14    Int: 12    God:
Gold:   90         SH:  0    Dex: 13    Spells: 1/6 levels left

rFire    . . .     SeeInvis .   a - +0 short sword
rCold    . . .     Gourm    .   (shield restricted)
rNeg     . . .     Faith    .   b - +0 leather armour
rPois    .         Spirit   .   n - +0 helmet
rElec    .         Reflect  .   (no cloak)
rCorr    .         Harm     .   l - +1 pair of gloves {Str+3}
MR       .....                  t - +0 pair of boots
Stlth    +.........             (no amulet)
HPRegen  0.08/turn              (no ring)
MPRegen  0.10/turn              (no ring)

@: very slightly contaminated
A: small, mutation resistance 1
a: no special abilities


You were on level 2 of the Dungeon.
You were not hungry.

You visited 1 branch of the dungeon, and saw 2 of its levels.

You collected 90 gold pieces.

Inventory:

Hand Weapons
 a - a +0 short sword (weapon)
 i - a +0 short sword
 u - a +0 spear
Missiles
 e - 5 tomahawks of dispersal (quivered)
 k - 14 arrows
 r - 24 bolts
Armour
 b - a +0 leather armour (worn)
 j - a +0 pair of gloves
 l - a +1 pair of gloves of strength (worn)
 n - a +0 helmet (worn)
 t - a +0 pair of boots (worn)
Scrolls
 d - a scroll of blinking
 f - a scroll of teleportation {unknown}
 g - a scroll of random uselessness {unknown}
 h - a scroll of remove curse {unknown}
 m - a scroll of magic mapping {unknown}
 o - a scroll of immolation {unknown}
 p - a scroll of identify {unknown}
 q - 2 scrolls of fog {unknown}
Potions
 s - a potion of might {unknown}
 v - a potion of berserk rage {unknown}
Books
 c - a book of Spatial Translocations

   Spells                             Type                      Level
   a - Blink                          Translocation                2
   b - Shroud of Golubria             Charms/Translocation         2
   c - Lesser Beckoning               Translocation                3
   d - Gell's Gravitas                Translocation                3
   e - Teleport Other                 Translocation                3
   f - Passage of Golubria            Translocation                4


   Skills:
 + Level 1.8 Fighting
 + Level 2.8 Short Blades
 + Level 1.0 Throwing
 + Level 1.1 Armour
 + Level 2.6 Dodging
 + Level 2.1 Spellcasting
 + Level 3.3 Translocations


You had one spell level left.
You knew the following spells:

 Your Spells              Type           Power        Failure   Level  Hunger
a - Blink                 Tloc           N/A          13%         2    ###....
b - Gell's Gravitas       Tloc           #.........   26%         3    ####...


Dungeon Overview and Level Annotations

Branches:
Dungeon (2/15)

Altars:


Innate Abilities, Weirdness & Mutations

You are small and have problems with some larger weapons.
You are somewhat resistant to further mutation.


Message History

Aiming: Gell's Gravitas
Press: ? - help, Dir - move target cursor Gravity reorients around empty space.
The worm bites you.
* * * LOW HITPOINT WARNING * * *
Casting: Gell's Gravitas
Confirm with . or Enter, or press ? or * to list all spells.
Aiming: Gell's Gravitas
Press: ? - help, Dir - move target cursor You miscast Gell's Gravitas.
You are very lightly contaminated with residual magic.
You spin around.
You hit the worm.
The worm is severely wounded.
You hit the worm.
The worm is severely wounded.
The worm completely misses you.
You hit the worm.
The worm is severely wounded.
The worm bites you!
You die...

######### ....†...##
#####....# #####....#
##### .........# #[..#
#####>...#####..@#
................w#
###...#######........#
..#...# #....###.#
<.#...# #....#
.##..... ..$.....
#####.### ###.#.####
... ..... #.## ##.####


You could see a worm.

Vanquished Creatures
  A dart slug (D:1)
  A leopard gecko (D:1)
  2 giant cockroaches (D:1)
  A hobgoblin (D:1)
  8 jackals
  A bat (D:1)
  A goblin (D:1)
  A kobold (D:1)
  2 rats
  A bush (D:1)
  3 plants (D:1)
22 creatures vanquished.

Notes
Turn   | Place    | Note
-------+----------+-------------------------------------------
     0 | D:1      | stankywizzleteets the Halfling Warper began the quest for the Orb.
     0 | D:1      | Reached XP level 1. HP: 14/14 MP: 3/3
  1043 | D:1      | Reached XP level 2. HP: 19/19 MP: 4/4
  1169 | D:1      | Learned a level 2 spell: Blink
  2581 | D:1      | Paralysed by fainting for 6 turns
  3122 | D:2      | Reached XP level 3. HP: 18/24 MP: 6/6
  3148 | D:2      | Learned a level 3 spell: Gell's Gravitas
  3171 | D:2      | Slain by a worm

Skill      XL: |  1  2 |
---------------+-------+-----
Spellcasting   | 2 |  2.1
Fighting       | |  1.8
Short Blades   | |  2.8
Throwing       | |  1.0
Armour         | |  1.1
Dodging        | |  2.6
Translocations | |  3.3

Action                   || total
-------------------------++-------
Melee: Short sword       ||   537
 Cast: Blink             ||     1
       Gell's Gravitas   ||     1
  Eat: Ration            ||     3
Armor: Leather armour    ||    27
Dodge: Dodged            ||    88
